 Dungeon Crawl Stone Soup version 0.31.0-12-g77e489cdc1 (webtiles) character file.

Game seed: 13421436387297574187

192 Doomgape the Trooper (level 5, -7/34 HPs)
             Began as a Gargoyle Fighter on Feb 26, 2024.
             Killed by divine providence
             ... invoked by an orc priest
              (14 damage)
             ... on level 4 of the Dungeon on Feb 28, 2024.
             The game lasted 00:06:54 (2699 turns).

Doomgape the Trooper (Gargoyle Fighter)             Turns: 2699, Time: 00:06:54

Health: -7/34      AC: 11    Str: 22    XL:     5   Next: 71%
Magic:  5/5        EV:  8    Int:  8    God:
Gold:   164        SH:  7    Dex:  9    Spells: 4/4 levels left

rFire   . . .        a - +0 flail
rCold   . . .        h - +0 kite shield
rNeg    + . .        b - +0 scale mail
rPois   ∞            (no helmet)
rElec   +            (no cloak)
rCorr   .            (no gloves)
SInv    .            (no boots)
Will    .....        (no amulet) Stlth
                     (no ring)
HPRegen 0.25/turn    (no ring)
MPRegen 0.09/turn

%: no passive effects
@: mighty
A: sickness immunity, AC +4, negative energy resistance 1, electricity
resistance, torment resistance 1, petrification resistance
a: no special abilities


You were on level 4 of the Dungeon.
You visited 1 branch of the dungeon, and saw 4 of its levels.

You collected 164 gold pieces.

Inventory:

Hand Weapons
 a - a +0 flail (weapon)
Armour
 b - a +0 scale mail (worn)
 h - a +0 kite shield (worn)
Jewellery
 i - a ring of flight
Wands
 m - a wand of iceblast (8)
Scrolls
 f - a scroll of teleportation
 n - a scroll of identify
 o - a scroll of poison {unknown}
 p - a scroll of enchant armour {unknown}
Potions
 c - a potion of lignification {unknown}
 e - a potion of invisibility {unknown}
 g - a potion of magic {unknown}
 j - a potion of heal wounds {unknown}
 k - a potion of curing
 l - a potion of haste {unknown}


   Skills:
 + Level 4.8 Fighting
 + Level 3.6 Maces & Flails
 + Level 4.6 Armour
 - Level 3.2 Shields


You had 4 spell levels left.
You didn't know any spells.
Your spell library contained the following spells:

 Spells                   Type           Power      Damage    Failure   Level
 Frozen Ramparts          Ice            0%         1d1       100%        3
 Leda's Liquefaction      Alch/Erth      0%         N/A       100%        4
 Petrify                  Alch/Erth      0%         N/A       100%        4
 Metabolic Englaciation   Hex/Ice        0%         N/A       100%        5
 Chain Lightning          Conj/Air       0%         N/A       100%        9
 Fire Storm               Conj/Fire      0%         5d1       100%        9
 Shatter                  Erth           0%         3d5*      100%        9


Dungeon Overview and Level Annotations

Branches:
Dungeon (4/15)
 Temple: D:4-7

Altars:
Trog


Innate Abilities, Weirdness & Mutations

You are immune to sickness and miasma.
Your stone body is resilient. (AC +4)
You are immune to poison.
You resist negative energy. (rN+)
You are resistant to electric shocks. (rElec)
You are resistant to unholy torment.
You are immune to petrification.


Message History

Unknown command.
You block the phantom's attack. The phantom closely misses you.
You hit the phantom.
The phantom is lightly damaged.
The phantom hits you but does no damage.
You sock the phantom!
The phantom is heavily damaged.
You block the phantom's attack.
The phantom hits you but does no damage.
You miss the phantom.
The phantom is heavily damaged.
You block the phantom's attack.
Okay, then.
You feel very mighty all of a sudden. You block the orc's attack.
The phantom hits you but does no damage.
You closely miss the phantom.
The phantom is heavily damaged.
The orc hits you with a +0 club.
The phantom hits you but does no damage.
You block the phantom's attack.
You barely miss the phantom.
The phantom is heavily damaged.
The orc hits you but does no damage. Something hits you but does no damage.
The phantom hits you.
The phantom blinks!
You blink.
An adder comes into view.
You barely miss the phantom.
The phantom is heavily damaged.
The adder hisses angrily.
The phantom barely misses you.
The orc priest invokes the aid of Beogh against you.
Beogh smites you!
* * * LOW HITPOINT WARNING * * *
You feel better. The phantom hits you.
* * * LOW HITPOINT WARNING * * *
The phantom blinks!
You blink.
The orc priest invokes the aid of Beogh against you.
Beogh smites you!
You die...

########
###...##.##
#.....§o..####
#[o...#...#..##
#.§.oK........#
##§............#
#...##.........#
#@.###.........#
#..W....##....##..#
#..S.#...##...##<##
#.............####
...........##..#
....#>.....###...
.....#..###.# .....
......... ..#
...... .... #...#
++####


You could see a phantom, an orc priest, an adder, 2 orcs and a kobold.

Vanquished Creatures
  Natasha (thrice) (D:3)
  Robin (D:3)
  3 adders (D:3)
  2 dart slugs
  4 ball pythons
  10 endoplasms
  8 goblins
  15 hobgoblins
  2 jackals (D:3)
  2 quokkas (D:2)
  7 bats
  5 frilled lizards
  6 kobolds
  5 rats
73 creatures vanquished.

Notes
Turn   | Place    | Note
-------+----------+-------------------------------------------
     0 | D:1      | Doomgape the Gargoyle Fighter began the quest for the Orb.
     0 | D:1      | Reached XP level 1. HP: 14/14 MP: 1/1
   185 | D:1      | Reached XP level 2. HP: 19/19 MP: 2/2
   986 | D:2      | Reached XP level 3. HP: 24/24 MP: 3/3
  1450 | D:2      | Found a bloodstained altar of Trog.
  1716 | D:3      | Noticed Robin
  1743 | D:3      | Killed Robin
  1744 | D:3      | Reached XP level 4. HP: 13/29 MP: 4/4
  2076 | D:3      | Noticed Natasha
  2082 | D:3      | Killed Natasha
  2083 | D:3      | Reached XP level 5. HP: 34/34 MP: 5/5
  2215 | D:3      | Noticed Natasha
  2226 | D:3      | Killed Natasha
  2332 | D:3      | Noticed Natasha
  2337 | D:3      | Killed Natasha
  2533 | D:4      | Noticed a phantom
  2698 | D:4      | HP: 1/34 [orc priest/divine providence (15)]
  2699 | D:4      | Killed from afar by an orc priest

Illustrated notes

Levels and vault maps discovered:
D:1:      dpeg_arrival_morbid_curiosity, layout_basic
D:2:      layout_loops_ring, basic_altar, nicolae_figureground_pulse
D:3:      layout_loops_cross, uniq_robin, uniq_natasha
D:4:      layout_cave_pools, nemelex_dance_club_becter,
          minmay_temple_entry_enclosed_plants, serial_column_ruins,
          column_ruins_square_small, column_ruins_open_tiny,
          column_ruins_grid_1, column_ruins_corridor_straight,
          column_ruins_grid_2, kennysheep_generic_room_4

Skill      XL: |  1  2  3  4 |
---------------+-------------+-----
Fighting       | 4 |  4.8
Armour         | 4 |  4.6
Maces & Flails | 3 |  3.6
Shields        | |  3.2

Action                     |  1- 3 |  4- 6 || total
---------------------------+-------+-------++-------
  Melee: Flail             |   139 |   104 ||   243
    Use: Scroll            |     2 |     4 ||     6
         Potion            |       |     3 ||     3
 Armour: Scale mail        |   104 |    89 ||   193
  Dodge: Dodged            |    56 |    50 ||   106
  Block: Buckler           |    11 |       ||    11
         Kite shield       |    30 |    52 ||    82
